 Dungeon Crawl Stone Soup version 0.32-a0-540-g866d13106e (webtiles) character file.

Game seed: 17997713264339176489

134 IdlyInterested the Trooper (level 4, -4/38 HPs)
             Began as a Demonspawn Fighter on Feb 28, 2024.
             Slain by Sigmund
             ... wielding a +0 scythe
              (11 damage)
             ... on level 2 of the Dungeon.
             The game lasted 00:03:38 (1245 turns).

IdlyInterested the Trooper (Demonspawn Fighter)     Turns: 1245, Time: 00:03:39

Health: -4/38      AC:  3    Str: 16    XL:     4   Next: 95%
Magic:  4/4        EV: 10    Int: 11    God:
Gold:   72         SH:  4    Dex: 12    Spells: 3/3 levels left

rFire   . . .        a - +0 rapier
rCold   . . .        c - +0 buckler
rNeg    . . .        d - +0 robe
rPois   .            (no helmet)
rElec   .            (no cloak)
rCorr   .            g - +0 pair of gloves
SInv    .            (no boots)
Will    +....        (no amulet)
Stlth   ++           f - ring of willpower
HPRegen 0.26/turn    (no ring)
MPRegen 0.09/turn

%: no passive effects
@: mighty
A: powered by pain 1, demonic magic 1
a: no special abilities


You were on level 2 of the Dungeon.
You visited 1 branch of the dungeon, and saw 2 of its levels.

You collected 72 gold pieces.

Inventory:

Hand Weapons
 a - a +0 rapier (weapon)
 i - a +0 dagger
Missiles
 j - a stone (quivered)
Armour
 b - a +0 scale mail
 c - a +0 buckler (worn)
 d - a +0 robe (worn)
 g - a +0 pair of gloves (worn)
Jewellery
 f - a ring of willpower (left hand)
Scrolls
 e - a scroll of identify {unknown}
 h - a scroll of silence {unknown}
Potions
 l - a potion of curing


   Skills:
 - Level 4.5 Fighting
 + Level 2.5 Short Blades
 - Level 3.0 Armour
 + Level 1.4 Stealth
 - Level 3.0 Shields


You had 3 spell levels left.
You didn't know any spells.
Your spell library was empty.

Dungeon Overview and Level Annotations

Branches:
Dungeon (2/15)

Altars:

Annotations:
D:2 Sigmund


Innate Abilities, Weirdness & Mutations

You sometimes gain a little power by taking damage.
Spells you cast may paralyse adjacent enemies.


Message History

Sigmund shouts!
The kobold shouts!
You hear a shout!
The kobold throws a stone.
The stone hits you but does no damage.
Sigmund gestures wildly while chanting.
Sigmund flickers and vanishes!
Deactivating autopickup; reactivate with Ctrl-A.
The kobold throws a stone.
The stone closely misses you.
You hear some strange, mumbled words.
A puff of flame appears from out of thin air!
The puff of flame hits you.
The kobold throws a stone.
The stone hits you but does no damage. Something hits you.
You closely miss something. Something hits you!
You barely miss the kobold. The kobold barely misses you.
You hit the kobold.
You kill the kobold!
You block something's attack.
A quokka comes into view.
You barely miss something. Something hits you but does no damage.
It was a potion of ambrosia.
You are confused.
You feel invigorated. Something hits you!
You feel less invigorated.
You feel less confused. Something hits you. The quokka bites you.
You barely miss something. The quokka bites you.
Something hits you but does no damage.
You hit something. The quokka bites you.
You miss something. The quokka misses you.
You hear some strange, mumbled words.
A puff of flame appears from out of thin air!
The puff of flame hits you. The quokka closely misses you.
You closely miss something. Something hits you!
* * * LOW HITPOINT WARNING * * *
You focus on the pain.
You feel very mighty all of a sudden.
The quokka twitches its whiskers.
The quokka bites you but does no damage.
You closely miss something. The quokka barely misses you. Something hits you!
You die...

########### #.........#
######.....[...###
.........).......#
.#####.........#.# ##
###..###########.# .@.
##...# #########@## ....
#..#.# #.......#r{# ...).
..##.###.......##.##......
####..##.......#..........
# ##.##.......#..##......
#.....................
#...##.........>...K..
#..#.#[†##.##.###......
#.##..........# ....##


You could see a quokka.

Vanquished Creatures
  Jessica (D:2)
  Terence (D:2)
  An adder (D:2)
  3 gnolls (D:2)
  2 ball pythons
  3 endoplasms
  3 giant cockroaches
  4 goblins
  3 hobgoblins
  8 quokkas
  A bat (D:1)
  5 frilled lizards
  6 kobolds
  6 rats
47 creatures vanquished.

Notes
Turn   | Place    | Note
-------+----------+-------------------------------------------
     0 | D:1      | IdlyInterested the Demonspawn Fighter began the quest for
                  | the Orb.
     0 | D:1      | Reached XP level 1. HP: 18/18 MP: 1/1
   132 | D:1      | Gained mutation: You sometimes gain a little power by
                  | taking damage. [demonic ancestry]
   132 | D:1      | Reached XP level 2. HP: 22/24 MP: 2/2
   608 | D:1      | Reached XP level 3. HP: 30/30 MP: 3/3
   783 | D:2      | Reached skill level 4 in Fighting
   788 | D:2      | Noticed Terence
   810 | D:2      | Killed Terence
   811 | D:2      | Gained mutation: Spells you cast may paralyse adjacent
                  | enemies. [demonic ancestry]
   811 | D:2      | Reached XP level 4. HP: 12/38 MP: 4/4
  1001 | D:2      | Noticed Jessica
  1015 | D:2      | Killed Jessica
  1016 | D:2      | Reached skill level 1 in Stealth
  1114 | D:2      | Noticed Sigmund
  1245 | D:2      | Slain by Sigmund

Illustrated notes

Levels and vault maps discovered:
D:1:      amcnicky_arrival_single_pillar, layout_loops_ring
D:2:      layout_rooms, basic_altar, uniq_jessica, uniq_terence, uniq_sigmund

Skill      XL: |  1  2  3  4 |
---------------+-------------+-----
Short Blades   | 2 |  2.5
Fighting       | 4 |  4.5
Armour         | 3 |  3.0
Shields        | 3 |  3.0
Stealth        | 1 |  1.4

Action                     |  1- 3 |  4- 6 || total
---------------------------+-------+-------++-------
  Melee: Rapier            |   104 |    64 ||   168
    Use: Potion            |     1 |     2 ||     3
   Stab: Sleeping          |       |     1 ||     1
 Armour: Scale mail        |    57 |    15 ||    72
         Robe              |       |    31 ||    31
  Dodge: Dodged            |    28 |    32 ||    60
  Block: Buckler           |    23 |     9 ||    32

Table legend: (Time is in decaauts)
 A = Elapsed time spent in this place.
 B = Non-inter-level travel time spent in this place.
 C = Inter-level travel time spent in this place.
 D = Time resting spent in this place.
 E = Time spent auto-exploring this place.
 F = Levels seen in this place.
 G = Mean time per level.
                   A        B        C        D        E       F      G
               +--------+--------+--------+--------+--------+-----+--------+
         Total |   1266 |   1254 |     12 |    138 |    661 |   2 |  633.0 |
       Dungeon |   1266 |   1254 |     12 |    138 |    661 |   2 |  633.0 |
               +--------+--------+--------+--------+--------+-----+--------+

Top non-repeatable levels by time:
     D:1: 753 daAuts
     D:2: 513 daAuts
